 Dungeon Crawl Stone Soup version 0.21-a0-404-g291f19a (webtiles) character file.

872 Gorice the Slasher (level 7, -4/52 HPs)
             Began as a Demonspawn Wanderer on Oct 28, 2017.
             Was an Initiate of Cheibriados.
             Killed by divine providence
             ... invoked by an orc priest
              (7 damage)
             ... on level 5 of the Dungeon.
             The game lasted 00:22:40 (4696 turns).

Gorice the Slasher (Demonspawn Wanderer)            Turns: 4696, Time: 00:22:40

Health: -4/52      AC: 18    Str: 14    XL:     7   Next: 74%
Magic:  8/10       EV:  6    Int: 14    God:    Cheibriados [......]
Gold:   265        SH:  0    Dex: 15    Spells: 6/6 levels left

rFire    . . .     SeeInvis .   a - +1 falchion
rCold    . . .     Gourm    .   (no shield)
rNeg     . . .     Faith    .   m - +4 chain mail
rPois    .         Spirit   .   B - +1 hat
rElec    .         Reflect  .   (no cloak)
rCorr    .         Harm     .   p - +0 pair of gloves
MR       .....                  (no boots)
Stlth    ..........             l - amulet of regeneration
HPRegen  0.57/turn              (no ring)
MPRegen  0.12/turn              H - ring of flight

@: very slow
A: antennae 2, yellow scales 2
a: Bend Time, Renounce Religion, Evoke Flight


You were on level 5 of the Dungeon.
You worshipped Cheibriados.
Cheibriados was noncommittal.
You were not hungry.

You visited 2 branches of the dungeon, and saw 6 of its levels.

You collected 265 gold pieces.

Inventory:

Hand Weapons
 a - a +1 falchion (weapon)
 b - a +1 dagger of venom
   (You took it off a kobold on level 2 of the Dungeon)
 i - a +0 hunting sling
 u - a +0 blowgun
Missiles
 g - 50 sling bullets
 k - 51 bolts
 v - 10 poisoned needles
 x - 8 tomahawks (quivered)
 y - 7 javelins
 Y - 231 stones
 Z - 3 throwing nets
Armour
 c - a +0 leather armour
 e - a +0 plate armour
 m - a +4 chain mail (worn)
 p - a +0 pair of gloves (worn)
 s - a +2 ring mail of cold resistance
   (You took it off Edmund on level 4 of the Dungeon)
 B - a +1 hat (worn)
 F - a +0 shield
Jewellery
 f - an uncursed ring of fire
 l - an amulet of regeneration (around neck)
 w - an uncursed amulet of faith {!P}
 H - a ring of flight (right hand)
Wands
 z - a wand of random effects (42/48)
Scrolls
 o - a scroll of amnesia
 A - 2 scrolls of remove curse
 D - a scroll of enchant weapon
 E - a scroll of teleportation {!r}
 G - 4 scrolls of identify
Potions
 h - a potion of flight
 j - a potion of agility {!q}
Comestibles
 d - 2 chunks of flesh
 n - a fruit
 q - 6 meat rations {!e}
 t - 2 bread rations {!e}
 C - 2 royal jellies


   Skills:
 - Level 3.0 Fighting
 * Level 6.1 Long Blades
   Level 1.0 Bows
 + Level 4.5 Armour
 - Level 1.0 Dodging
 + Level 4.0 Invocations
 - Level 2.0 Evocations


You had 6 spell levels left.
You didn't know any spells.

Dungeon Overview and Level Annotations

Branches:
Dungeon (5/15)             Temple (1/1) D:4

Altars:
Ashenzari
Cheibriados
Fedhas
Gozag
Kikubaaqudgha
Makhleb
Nemelex Xobeh
Okawaru
Qazlal
Trog
Uskayaw
Vehumet
Wu Jian
Yredelemnul
Zin

Annotations:
D:2 Sigmund


Innate Abilities, Weirdness & Mutations

You have a pair of antennae on your head.
You are mostly covered in yellow scales. (AC +3)


Message History

The iguana is moderately wounded.
The flow of time bends around you.
Cheibriados rebukes the iguana.
The iguana seems to slow down.
You feel slightly more hungry.
An orc wizard appears from thin air!
Reactivating autopickup.
The orc priest begins to cast a cantrip, but forgets the words!
The orc wizard casts a cantrip, but nothing happens.
You hit the iguana.
The iguana is heavily wounded.
The iguana bites you but does no damage.
You hit the iguana but do no damage.
The iguana is heavily wounded.
The iguana bites you.
* * * LOW HITPOINT WARNING * * *
Damage: 1 (max 10)
You hit the iguana.
The iguana is severely wounded.
The iguana bites you but does no damage.
You hit the iguana but do no damage.
The iguana is severely wounded.
The orc priest invokes the aid of Beogh against you.
Beogh smites you!
* * * LOW HITPOINT WARNING * * *
Damage: 17 (max 17)
You closely miss the iguana.
The iguana is severely wounded.
The iguana bites you.
* * * LOW HITPOINT WARNING * * *
Damage: 3 (max 17)
You closely miss the iguana.
The iguana is severely wounded.
The iguana bites you.
* * * LOW HITPOINT WARNING * * *
Damage: 3 (max 17)
You hit the iguana but do no damage.
The iguana is severely wounded.
You feel better. The iguana bites you.
* * * LOW HITPOINT WARNING * * *
Unknown command.
The orc wizard casts a spell.
The orc wizard flickers and vanishes!
Deactivating autopickup; reactivate with Ctrl-A.
The orc priest invokes the aid of Beogh against you.
Beogh smites you!
* * * LOW HITPOINT WARNING * * *
Damage: 9 (max 17)
The orc priest invokes the aid of Beogh against you.
Beogh smites you!
You die...

###########.#
........#'##
#####......#
#..{.......#
##o#.......#######
#.#..............
#.#..............
###+#+##l#....).........
.......@.#..............
.......###o.............
...........#+##.........
..........##....########
..........#######
..........# ..........#
...!......# .........#


You could see an iguana and an orc priest.

Vanquished Creatures
  Edmund (D:4)
  Menkaure (D:5)
  A sky beast (D:5)
  A phantom (D:5)
  A water moccasin skeleton (D:4)
  2 scorpions
  A bullfrog zombie (D:5)
  Ijyb (D:3)
  An iguana (D:4)
  A worker ant (D:4)
  Robin (D:1)
  A howler monkey skeleton (D:4)
  3 adders
  A shadow imp (D:4)
  An ooze (D:4)
  5 worms
  2 leopard geckos
  7 orcs
  4 giant cockroaches
  21 goblins
  10 hobgoblins
  4 jackals (D:1)
  6 kobolds
  5 quokkas
  10 bats
  7 frilled lizards
  A leopard gecko skeleton (D:4)
  10 rats
110 creatures vanquished.

Vanquished Creatures (others)
  A plant (D:2)
1 creature vanquished.

Grand Total: 111 creatures vanquished

Notes
Turn   | Place    | Note
-------+----------+-------------------------------------------
     0 | D:1      | Gorice the Demonspawn Wanderer began the quest for the Orb.
     0 | D:1      | Gorice set off with: a +0 leather armour, a +0 falchion, a potion of curing, a bread ration {!e}, 3 throwing nets
     0 | D:1      | Reached XP level 1. HP: 18/18 MP: 2/2
   211 | D:1      | Reached skill level 2 in Armour
   252 | D:1      | Gained mutation: You are partially covered in yellow scales. (AC +2) [demonic ancestry]
   252 | D:1      | Reached XP level 2. HP: 22/24 MP: 3/3
   473 | D:1      | Reached skill level 2 in Long Blades
   893 | D:1      | Gained mutation: You have a pair of small antennae on your head. [demonic ancestry]
   893 | D:1      | Reached XP level 3. HP: 28/29 MP: 4/4
  1079 | D:2      | Noticed Sigmund
  1672 | D:2      | Noticed Robin
  1682 | D:1      | Reached skill level 3 in Long Blades
  1683 | D:1      | Reached XP level 4. HP: 29/35 MP: 5/5
  1847 | D:1      | Killed Robin
  2494 | D:3      | Noticed Ijyb
  2573 | D:3      | Killed Ijyb
  2573 | D:3      | Reached skill level 3 in Armour
  2606 | D:3      | Reached XP level 5. HP: 27/41 MP: 6/6
  3331 | D:4      | Found a staircase to the Ecumenical Temple.
  3337 | Temple   | Entered the Ecumenical Temple
  3392 | Temple   | Became a worshipper of Cheibriados the Contemplative
  3468 | D:4      | Reached skill level 4 in Long Blades
  3596 | D:4      | Reached skill level 1 in Invocations
  3596 | D:4      | Gained mutation: You are mostly covered in yellow scales. (AC +3) [demonic ancestry]
  3596 | D:4      | Reached XP level 6. HP: 38/47 MP: 7/7
  3876 | D:5      | Entered Level 5 of the Dungeon
  3886 | D:5      | Noticed Menkaure
  3936 | D:5      | HP: 14/47 [Menkaure/nerve-wracking pain (14)]
  3939 | D:5      | HP: 4/47 [Menkaure/nerve-wracking pain (12)]
  3957 | D:5      | HP: 10/70 [Menkaure (14)]
  3959 | D:5      | Killed Menkaure
  3959 | D:5      | Reached skill level 5 in Long Blades
  3959 | D:5      | Reached skill level 2 in Invocations
  4120 | D:5      | Reached skill level 4 in Armour
  4257 | D:4      | Gained mutation: You have a pair of antennae on your head. [demonic ancestry]
  4257 | D:4      | Reached XP level 7. HP: 46/52 MP: 7/9
  4298 | D:5      | Reached skill level 3 in Invocations
  4320 | D:5      | Noticed Edmund
  4373 | D:4      | HP: 13/52 [Edmund/flail of crushing (8)]
  4403 | D:4      | Killed Edmund
  4477 | D:5      | HP: 15/52 [something (3)]
  4482 | D:5      | HP: 11/52 [something (3)]
  4489 | D:5      | HP: 12/52 [something (5)]
  4497 | D:5      | Reached skill level 6 in Long Blades
  4497 | D:5      | Reached skill level 4 in Invocations
  4690 | D:5      | HP: 10/52 [orc priest/divine providence (17)]
  4692 | D:5      | HP: 4/52 [iguana (4)]
  4696 | D:5      | Killed from afar by an orc priest

Vault maps used:
D:1:      scummos_arrival_simple_crosswalls
D:2:      serial_forest, infiniplex_forest_end_1, infiniplex_forest_lined_3,
          infiniplex_forest_clump_double, infiniplex_forest_lined_2,
          infiniplex_forest_clump_double, infiniplex_forest_lined_room_,
          infiniplex_forest_straight_2, uniq_robin, uniq_sigmund
D:3:      first_bread, amethyst_killhole, minmay_misc_feat_columns,
          minmay_cut_off, uniq_ijyb
D:4:      minmay_temple_entry_hall
D:5:      uniq_menkaure, uniq_edmund
Temple:   eino_wide_crystal_templ

Skill      XL: |  1  2  3  4  5  6  7 |
---------------+----------------------+-----
Armour         | 2 3 4 |  4.5
Long Blades    | 2 3 4 5 6 |  6.1
Invocations    | 1 2 4 |  4.0
Fighting       | |  3.0
Bows           | |  1.0
Dodging        | |  1.0
Evocations     | |  2.0

Action                   |  1- 3 |  4- 6 |  7- 9 || total
-------------------------+-------+-------+-------++-------
Melee: Falchion          |   193 |   291 |   150 ||   634
       Dagger            |     7 |       |    11 ||    18
       Unarmed           |       |    41 |       ||    41
Throw: Stone             |     9 |       |       ||     9
       Javelin           |     1 |    14 |       ||    15
       Tomahawk          |       |    30 |     2 ||    32
Invok: Bend Time         |       |     1 |     3 ||     4
  Use: Scroll            |     2 |    10 |       ||    12
       Potion            |     1 |     2 |     4 ||     7
  Eat: Chunk             |     3 |     9 |     2 ||    14
Armor: Plate armour      |    54 |       |       ||    54
       Leather armour    |     4 |       |       ||     4
       Chain mail        |   122 |   198 |    96 ||   416
       Skin              |       |    11 |       ||    11
Dodge: Dodged            |    50 |   100 |    25 ||   175
       Rpst.: Falchion   |    14 |    24 |     4 ||    42

Table legend:
 A = Spawn XP
 B = Non-spawn XP
 C = Spawn XP percentage of total XP
 D = Spawn monster count
 E = Non-spawn monster count
 F = Spawn count percentage of total count
 G = Total turns spent on level
                    A         B        C        D         E        F      G
               +---------+---------+-------+---------+---------+-------+---------
         Total |       0 |    1246 |   0.0 |       0 |     110 |   0.0 |  4696
               +---------+---------+-------+---------+---------+-------+---------
           D:1 |       0 |      81 |   0.0 |       0 |      34 |   0.0 |  1280
           D:2 |       0 |      41 |   0.0 |       0 |      24 |   0.0 |   891
           D:3 |       0 |     101 |   0.0 |       0 |      22 |   0.0 |  1083
           D:4 |       0 |     457 |   0.0 |       0 |      18 |   0.0 |   766
           D:5 |       0 |     566 |   0.0 |       0 |      12 |   0.0 |   614
               +---------+---------+-------+---------+---------+-------+---------

Table legend:
 A = Turns spent in this place as a percentage of turns spent in the entire game.
 B = Non-inter-level travel turns spent in this place as a percentage of non-inter-level travel turns spent in the entire game.
 C = Inter-level travel turns spent in this place as a percentage of turns spent in this place.
 D = Turns resting spent in this place as a percentage of non-inter-level travel turns spent in this place.
 E = Turns spent auto-exploring this place as a percentage of non-inter-level travel turns spent in this place.
 F = Non-inter-level travel turns spent in this place divided by the number of levels of this place that you've seen.
                   A       B       C       D       E      F
               +-------+-------+-------+-------+-------+----------------------
         Total | 100.0 | 100.0 |   2.3 |  21.4 |  30.9 | 764.7
       Dungeon |  98.7 |  98.6 |   2.3 |  21.7 |  30.4 | 905.2
        Temple |   1.3 |   1.4 |   0.0 |   0.0 |  66.1 |  62.0
               +-------+-------+-------+-------+-------+----------------------

Vault maps used:
D:1:      scummos_arrival_simple_crosswalls
D:2:      serial_forest, infiniplex_forest_end_1, infiniplex_forest_lined_3,
          infiniplex_forest_clump_double, infiniplex_forest_lined_2,
          infiniplex_forest_clump_double, infiniplex_forest_lined_room_,
          infiniplex_forest_straight_2, uniq_robin, uniq_sigmund
D:3:      first_bread, amethyst_killhole, minmay_misc_feat_columns,
          minmay_cut_off, uniq_ijyb
D:4:      minmay_temple_entry_hall
D:5:      uniq_menkaure, uniq_edmund
Temple:   eino_wide_crystal_templ
